 Seeded DCSS version 0.31-a0-155-gb63f529 (webtiles) character file.

Game seed: 5611939189875719349 (custom seed)

9899 brinewave the Gouger (level 11, 0/55 HPs)
             Began as a Felid Berserker on June 11, 2023.
             Was an Elder of Trog.
             Succumbed to a water moccasin's poison
             ... on level 2 of the Lair of Beasts.
             The game lasted 00:38:51 (13289 turns).

brinewave the Gouger (Felid Berserker)             Turns: 13289, Time: 00:38:52

Health: 0/55       AC:  2    Str: 13    XL:     11   Next: 29%
Magic:  12/12      EV: 28    Int:  9    God:    Trog [****..]
Gold:   309        SH:  0    Dex: 20    Spells: 10/10 levels left
                                        Lives:  0   Deaths: 3

rFire   . .          .
                       - Unarmed
rCold   . . .        (shield unavailable)
rNeg    . . .        (body armour unavailable)
rPois   .            (helmet unavailable)
rElec   .            (cloak unavailable)
rCorr   .            (gloves unavailable)
SInv    +            (boots unavailable)
Will    +++..        (no amulet)
Stlth   +++          b - ring of willpower
HPRegen 0.29/turn    k - ring of willpower
MPRegen 0.13/turn

%: no passive effects
@: lethally poisoned (0 -> -1), on berserk cooldown, slowed, slow
A: very small, claws 1, fangs 3, see invisible, speed 1, shaggy fur 2, stealthy
paws, no weapons or thrown items, no armour, multi-lived
a: Renounce Religion, Berserk, Trog's Hand, Brothers in Arms


You were on level 2 of the Lair of Beasts.
You worshipped Trog.
Trog was greatly pleased with you.
You visited 2 branches of the dungeon, and saw 11 of its levels.
You also visited: Bailey.

You collected 699 gold pieces.
You spent 390 gold pieces at shops.

Inventory:

Jewellery
 b - a ring of willpower (left paw)
 k - a ring of willpower (right paw)
Wands
 m - a wand of light (7)
 o - a wand of flame (32)
 p - a wand of polymorph (8)
 r - a wand of charming (26)
Scrolls
 c - 5 scrolls of fear
 e - 3 scrolls of blinking
 f - 4 scrolls of teleportation
 i - 3 scrolls of butterflies
 q - a scroll of poison
 s - a scroll of acquirement {unknown}
 x - a scroll of noise {unknown}
 y - a scroll of enchant weapon {unknown}
 A - a scroll of vulnerability {unknown}
Potions
 a - 2 potions of enlightenment
 d - 3 potions of haste
 g - a potion of berserk rage
 h - 5 potions of heal wounds
 j - 2 potions of lignification
 l - 3 potions of curing
 n - 3 potions of ambrosia
 t - 3 potions of invisibility
 u - 2 potions of magic
 v - a potion of brilliance
 w - a potion of mutation
 z - a potion of might {unknown}


   Skills:
 + Level 10.4 Fighting
 + Level 13.4 Dodging
 - Level 5.0 Stealth
 * Level 14.2 Unarmed Combat


You had 10 spell levels left.
You didn't know any spells.
Your spell library was empty.

Dungeon Overview and Level Annotations

Branches:
Dungeon (9/15)             Temple (0/1) D:6            Lair (2/5) D:8
 Bailey (visited)
  Swamp: Lair:2-3    Shoals: Lair:2-3     Snake: Lair:2-3    Spider: Lair:2-3
    Orc: D:9-12

Altars:
Elyvilon
Fedhas
Hepliaklqana

Shops:
D:7 !


Innate Abilities, Weirdness & Mutations

You have sharp claws.
You have razor-sharp teeth.
You have supernaturally acute eyesight. (SInv)
You cover ground quickly. (Speed+)
You are covered in thick fur. (AC +2)
Your paws help you pounce on unaware monsters.
You are incapable of wielding weapons or throwing items.
You cannot wear armour.
You gain extra lives every three experience levels.


Message History

A red film seems to cover your vision as you go berserk!
You feel yourself moving faster!
You feel mighty!
You feel sick. The black mamba completely misses you.
The water moccasin misses you. The black mamba bites you!
* * * LOW HITPOINT WARNING * * *
You claw the black mamba! Your bite misses the black mamba.
The black mamba is moderately wounded.
* * * LOW HITPOINT WARNING * * *
You feel sick.
The water moccasin completely misses you.
The black mamba completely misses you.
You claw the water moccasin!
You kill the water moccasin!
Trog accepts your kill.
* * * LOW HITPOINT WARNING * * *
You feel sick. The black mamba closely misses you.
You claw the black mamba! x2; Your bite misses the black mamba.
The black mamba is almost dead.
The black mamba closely misses you.
You scratch the black mamba.
You feel the power of Trog in you as your rage grows.
You kill the black mamba!
Trog accepts your kill.
* * * LOW HITPOINT WARNING * * *
You feel sick.
You start resting.
You feel a strong urge to attack something.
* * * LOW HITPOINT WARNING * * *
You feel sick.
You start resting.
* * * LOW HITPOINT WARNING * * *
You feel sick.
Unknown command.
You start resting.
You feel your anger nearly subside.
You are no longer berserk.
You are exhausted.
You feel yourself slow down.
There is a lethal amount of poison in your body!
There is a lethal amount of poison in your body!
You die...

.........#...)#
........###.###
#.......P##'####.#
#................#
#.................#
.................##
.................#
......†..........#
.......@###.####.P#
.......## .## ..#
P...... . ##
....... .......
...#### .##


There were no monsters in sight!

Vanquished Creatures
  2 vault guards (Bailey)
  A two-headed ogre (D:9)
  Pikel (D:6)
  4 elephants
  A black mamba (Lair:2)
  2 cane toads (Lair:1)
  2 komodo dragons (Lair:1)
  Grinder (D:6)
  A blink frog (Bailey)
  A hornet (D:7)
  Prince Ribbit (D:7)
  18 yaks
  3 humans (Bailey)
  A basilisk (Lair:1)
  2 steam dragons (D:9)
  4 vampire mosquitoes (D:8)
  6 water moccasins
  10 orc warriors
  3 sky beasts
  A black bear (D:5)
  2 ice beasts
  3 ogres
  A centaur (D:5)
  The ghost of Angani the Conjurer, an amateur DsCj (D:6)
  A phantom (D:4)
  19 bullfrogs
  13 kobold brigands
  2 gnoll sergeants
  2 scorpions (D:8)
  5 wights (D:9)
  26 killer bees
  2 howler monkeys
  3 hounds
  6 orc priests
  4 iguanas
  2 sleepcaps (D:6)
  5 orc wizards
  7 adders
  13 gnolls
  A worm (D:3)
  A dart slug (D:1)
  45 orcs
  7 endoplasms
  3 giant cockroaches
  13 goblins
  5 hobgoblins
  8 jackals
  14 kobolds
  3 quokkas
  4 ball pythons (D:1)
  4 bats
  5 frilled lizards
  10 rats
305 creatures vanquished.

Vanquished Creatures (others)
  An orc (D:5)
1 creature vanquished.

Grand Total: 306 creatures vanquished

Notes
Turn   | Place    | Note
-------+----------+-------------------------------------------
     0 | D:1      | brinewave the Felid Berserker began the quest for the Orb.
     0 | D:1      | Reached XP level 1. HP: 10/10 MP: 2/2
   192 | D:1      | Reached XP level 2. HP: 14/14 MP: 3/3
   206 | D:1      | Reached skill level 1 in Stealth
   508 | D:1      | Found a faded altar of an unknown god.
   523 | D:1      | Reached XP level 3. HP: 6/17 MP: 4/4
  1044 | D:2      | Reached ** piety under Trog
  1319 | D:3      | Reached XP level 4. HP: 21/21 MP: 5/5
  1417 | D:3      | Reached skill level 4 in Unarmed Combat
  1955 | D:3      | Reached skill level 5 in Dodging
  1955 | D:3      | Reached XP level 5. HP: 8/25 MP: 6/6
  2466 | D:4      | Noticed a phantom
  2478 | D:4      | Killed a phantom
  2901 | D:4      | Gained mutation: You are covered in thick fur. (AC +2)
                  | [Felid growth]
  2901 | D:4      | Reached XP level 6. HP: 28/28 MP: 7/7
  2925 | D:4      | Reached *** piety under Trog
  2926 | D:4      | Reached skill level 5 in Unarmed Combat
  3482 | D:5      | Entered Level 5 of the Dungeon
  3632 | D:5      | HP: 1/28 [ogre/+0 giant club (27)]
  4176 | D:5      | Reached XP level 7. HP: 33/33 MP: 8/8
  4465 | D:6      | Reached skill level 5 in Stealth
  4485 | D:6      | Reached skill level 6 in Unarmed Combat
  4622 | D:6      | Reached skill level 5 in Fighting
  4652 | D:6      | Reached XP level 8. HP: 37/37 MP: 9/9
  4668 | D:6      | Reached skill level 7 in Unarmed Combat
  4745 | D:6      | Noticed Pikel
  4760 | D:6      | Killed Pikel
  4761 | D:6      | Reached skill level 8 in Unarmed Combat
  5109 | D:6      | Found a runed translucent gate.
  5109 | D:6      | Found a runed translucent gate.
  5110 | D:6      | Found a runed translucent gate.
  5111 | D:6      | Noticed Angani's ghost (amateur DsCj)
  5145 | D:6      | HP: 1/38 [kobold brigand/+2 short sword of distortion (9)]
  5145 | D:6      | Annihilated by a kobold brigand
  5146 | D:6      | Reached XP level 7. HP: -22/34 MP: 8/8
  5208 | D:6      | Noticed Grinder
  5279 | D:6      | Found a staircase to the Ecumenical Temple.
  5349 | D:6      | Reached XP level 8. HP: 20/38 MP: 9/9
  5745 | D:6      | Reached skill level 9 in Unarmed Combat
  5809 | D:6      | Killed Angani's ghost
  6284 | D:6      | Killed Grinder
  6285 | D:6      | Reached XP level 9. HP: 42/42 MP: 10/10
  6496 | D:7      | Paralysed by a hornet for 2 turns
  6498 | D:7      | HP: 2/64 [hornet (12)]
  6498 | D:7      | Mangled by a hornet
  6499 | D:7      | Reached XP level 8. HP: -11/60 MP: 9/9
  6508 | D:7      | Noticed Prince Ribbit
  6517 | D:7      | Killed Prince Ribbit
  6578 | D:7      | Reached skill level 10 in Unarmed Combat
  7035 | D:7      | Reached skill level 10 in Dodging
  7128 | D:7      | Reached XP level 9. HP: 20/43 MP: 10/10
  7406 | D:7      | Found Mumibaip's Distillery.
  7412 | D:7      | Bought a potion of heal wounds for 75 gold pieces
  7412 | D:7      | Bought a potion of enlightenment for 75 gold pieces
  7412 | D:7      | Bought a potion of invisibility for 120 gold pieces
  7412 | D:7      | Bought a potion of magic for 120 gold pieces
  8104 | D:8      | Reached skill level 11 in Unarmed Combat
  8414 | D:8      | Reached **** piety under Trog
  8895 | D:8      | Reached XP level 10. HP: 48/48 MP: 11/11
  9130 | D:7      | HP: 1/49 [yak (14)]
  9377 | D:8      | Found a staircase to the Lair.
  9521 | D:9      | Noticed a two-headed ogre
  9538 | D:9      | Killed a two-headed ogre
  9539 | D:9      | Reached skill level 12 in Unarmed Combat
  9584 | D:9      | Found a blossoming altar of Fedhas.
  9584 | D:9      | Found a hazy altar of Hepliaklqana.
  9584 | D:9      | Found a white marble altar of Elyvilon.
  9924 | D:9      | Found a flagged portal.
  9938 | Bailey   | Entered a bailey
 10336 | Bailey   | Noticed a vault guard
 10357 | Bailey   | Killed a vault guard
 10358 | Bailey   | Reached XP level 11. HP: 53/53 MP: 12/12
 10435 | Bailey   | Noticed a vault guard
 10448 | Bailey   | Killed a vault guard
 10451 | Bailey   | Reached skill level 13 in Unarmed Combat
 10611 | D:9      | Reached ***** piety under Trog
 11140 | D:9      | Killed from afar by a steam dragon
 11141 | D:9      | Reached XP level 10. HP: -3/75 MP: 11/11
 11640 | Lair:1   | Entered Level 1 of the Lair of Beasts
 11988 | Lair:1   | Noticed a cane toad
 12000 | Lair:1   | Killed a cane toad
 12083 | Lair:1   | Noticed a cane toad
 12097 | Lair:1   | Killed a cane toad
 12098 | Lair:1   | Reached skill level 10 in Fighting
 12342 | Lair:1   | Reached XP level 11. HP: 47/54 MP: 12/12
 12951 | Lair:1   | Reached skill level 14 in Unarmed Combat
 13280 | Lair:2   | HP: 4/82 [poisoned by a water moccasin]
 13286 | Lair:2   | HP: 2/82 [poisoned by a water moccasin]
 13289 | Lair:2   | Succumbed to a water moccasin's poison

Illustrated notes

Levels and vault maps discovered:
D:1:      heliophobic_arrival_henge, layout_rooms, shapermc_ecumenical_altar_gd,
          serial_bayou_pond_d
D:2:      layout_rooms
D:3:      layout_basic, kennysheep_generic_room_4
D:4:      layout_loops_corners, lexackson_kobold_supper
D:5:      layout_rooms
D:6:      layout_loops_ring, temple_hall, gammafunk_ghost_nasty_kobolds,
          serial_glass, glass_columns_a, glass_columns_a, uniq_pikel,
          uniq_grinder
D:7:      layout_loops_ring, serial_shops, nicolae_shop_industrial_runoff,
          sword_in_stone, uniq_prince_ribbit1
D:8:      layout_cave_pools, grunt_lair_entry_orc_guard_hut, special_room
          [special_room_orc], minmay_misc_feat_secret_circle
D:9:      layout_small_grid, grunt_temple_overflow_open, enter_bailey_3,
          minivault_27
Lair:1:   layout_cave_pods, grunt_megastairs_5
Lair:2:   layout_regular_city, skrybe_swamp_entry_bodies,
          minmay_snake_entry_six_corridors, chequers_serial_rivers_micro_e,
          fungi_pond_lemuel, lemuel_fruit_tree

Skill      XL: |  1  2  3  4  5  6  7  8  9 10 11 |
---------------+----------------------------------+-----
Stealth        | 1 2 3 4 5 |  5.0
Unarmed Combat | 4 5 6 10 11 12 14 | 14.2
Dodging        | 5 6 10 13 | 13.4
Fighting       | 4 5 6 8 10 | 10.4

Action                     |  1- 3 |  4- 6 |  7- 9 | 10-12 || total
---------------------------+-------+-------+-------+-------++-------
  Melee: Unarmed           |    96 |   181 |   391 |   466 ||  1134
         Punch             |     3 |     8 |    15 |    43 ||    69
         Bite              |     6 |    17 |    56 |    60 ||   139
 Invoke: Berserk           |       |     1 |    14 |    10 ||    25
         Trog's Hand       |       |       |     1 |       ||     1
    Use: Scroll            |     5 |     7 |     5 |     2 ||    19
   Stab: Sleeping          |     5 |     5 |     6 |     7 ||    23
         Distracted        |     1 |     1 |     1 |       ||     3
 Armour: Skin              |     5 |     3 |     7 |    11 ||    26
  Dodge: Dodged            |    89 |   134 |   346 |   461 ||  1030

Table legend: (Time is in decaauts)
 A = Elapsed time spent in this place.
 B = Non-inter-level travel time spent in this place.
 C = Inter-level travel time spent in this place.
 D = Time resting spent in this place.
 E = Time spent auto-exploring this place.
 F = Levels seen in this place.
 G = Mean time per level.
                   A        B        C        D        E       F      G
               +--------+--------+--------+--------+--------+-----+--------+
         Total |  11938 |  11628 |    310 |   3456 |   5396 |  12 |  994.8 |
       Dungeon |   9905 |   9618 |    287 |   2816 |   4363 |   9 | 1100.6 |
          Lair |   1464 |   1442 |     22 |    366 |    885 |   2 |  732.0 |
        Bailey |    568 |    568 |      0 |    274 |    148 |   1 |  568.0 |
               +--------+--------+--------+--------+--------+-----+--------+

Top non-repeatable levels by time:
     D:6: 2183 daAuts
     D:7: 1583 daAuts
     D:4: 1323 daAuts
  Lair:1: 1255 daAuts
     D:8: 1228 daAuts
     D:9: 1088 daAuts
     D:3: 876 daAuts
     D:1: 672 daAuts
     D:5: 592 daAuts
  Bailey: 568 daAuts
     D:2: 357 daAuts
  Lair:2: 209 daAuts
